 Dungeon Crawl Stone Soup version 0.23-a0-396-g5214e5f (webtiles) character file.

10570 blurbiez the Spear-Bearer (level 11, -3/101 HPs)
             Began as a Red Draconian Berserker on Nov 2, 2018.
             Was an Elder of Trog.
             Slain by a demonic crawler (9 damage)
             ... while paralysed by a hornet
             ... on level 2 of the Lair of Beasts.
             The game lasted 01:58:08 (12174 turns).

blurbiez the Spear-Bearer (DrBe)                   Turns: 12174, Time: 01:58:08

Health: -3/101     AC:  7    Str: 23    XL:     11   Next: 37%
Magic:  0/16       EV:  2    Int:  7    God:    Trog [****..]
Gold:   690        SH:  0    Dex: 11    Spells: 10/10 levels left

rFire    + . .     SeeInvis .   k - +0 spear
rCold    . . .     Gourm    .   F - +0 large shield
rNeg     . . .     Faith    .   (armour unavailable)
rPois    .         Spirit   +   (helmet restricted)
rElec    .         Reflect  .   (no cloak)
rCorr    .         Harm     .   (no gloves)
MR       ++...                  (no boots)
Stlth    +.........             A - amulet of guardian spirit
HPRegen  1.26/turn              (no ring)
MPRegen  0.15/turn              (no ring)

@: paralysed, lethally poisoned (-3 -> -17), about to teleport, berserk
cooldown, regenerating, slowed
A: breathe fire, unfitting armour, fire resistance 1, cold-blooded, AC +7
a: Breathe Fire, Berserk, Trog's Hand, Brothers in Arms, Renounce Religion


You were on level 2 of the Lair of Beasts.
You worshipped Trog.
Trog was greatly pleased with you.
You were near starving.

You visited 3 branches of the dungeon, and saw 14 of its levels.

You collected 989 gold pieces.
You spent 299 gold pieces at shops.

Inventory:

Hand Weapons
 a - a +0 spear
 k - a +0 spear (weapon)
 y - a +2 flail of holy wrath
Missiles
 h - 311 stones (quivered)
 p - 23 tomahawks
 w - 4 tomahawks of dispersal
Armour
 F - a +0 large shield (worn)
 I - a +0 pair of gloves
Magical Staves
 i - an uncursed staff of fire
Jewellery
 d - a cursed ring of teleportation {unknown}
 n - an uncursed amulet of the gourmand
 A - an amulet of guardian spirit (around neck)
Wands
 s - a wand of acid (7)
 u - a wand of polymorph (6)
 x - a wand of paralysis (7)
 G - a wand of random effects (17)
Scrolls
 e - 4 scrolls of immolation
 f - a scroll of noise {unknown}
 m - a scroll of remove curse
 q - a scroll of fog {unknown}
 r - a scroll of blinking {unknown}
 C - a scroll of vulnerability {unknown}
 H - 2 scrolls of random uselessness
Potions
 c - a potion of berserk rage {unknown}
 g - 4 potions of haste
 j - 2 potions of mutation
 l - 5 potions of curing
 o - 4 potions of lignification
 v - 2 potions of agility
 z - 2 potions of might
 B - a potion of resistance {unknown}
 D - a potion of brilliance {unknown}
 E - 3 potions of cancellation
Comestibles
 b - 19 rations
 t - 2 chunks of flesh


   Skills:
 - Level 10.9 Fighting
 * Level 11.3 Polearms
 - Level 3.2 Dodging
 - Level 0.1 Stealth
 + Level 7.8 Shields
 - Level 7.0 Evocations


You had 10 spell levels left.
You didn't know any spells.
Your spell library contained the following spells:

 Spells                   Type           Power        Failure   Level  Hunger
 Apportation              Tloc           #.....       99%         1    ##.....
 Summon Butterflies       Summ           #.......     99%         1    ##.....
 Lesser Beckoning         Tloc           #.........   100%        3    ####...
 Tukima's Dance           Hex            #.......     100%        3    ####...
 Alistair's Intoxication  Tmut/Pois      #.......     100%        5    ######.
 Invisibility             Hex            #.......     100%        6    #######


Dungeon Overview and Level Annotations

Branches:
Dungeon (9/15)             Temple (0/1) D:5            Lair (4/6) D:9
  Swamp (0/4) Lair:2       Spider (1/4) Lair:2
    Orc: D:9-12

Altars:
Ashenzari
Hepliaklqana
Kikubaaqudgha
Ru
Vehumet

Shops:
D:6 !

Annotations:
Lair:3 exclusion: 4 oklob plants
Lair:4 Sonja


Innate Abilities, Weirdness & Mutations

You can breathe blasts of fire.
Your fiery red scales are hard. (AC +7)
You cannot fit into any form of body armour.
Your flesh is heat resistant. (rF+)
You are cold-blooded and may be slowed by cold attacks.


Message History

You block the hornet's attack. The demonic crawler hits you.
* * * LOW HITPOINT WARNING * * *
The demonic crawler hits you.
* * * LOW HITPOINT WARNING * * *
You block the demonic crawler's attack. The hornet barely misses you.
The demonic crawler closely misses you. The demonic crawler hits you.
* * * LOW HITPOINT WARNING * * *
You block the demonic crawler's attack. The hornet stings you.
* * * LOW HITPOINT WARNING * * *
You suddenly lose the ability to move!
You feel very sick. The hornet stings you.
* * * LOW HITPOINT WARNING * * *
You are lethally poisoned!
You feel as though you will be slow longer.
The demonic crawler completely misses you.
The demonic crawler hits you.
* * * LOW HITPOINT WARNING * * *
The demonic crawler hits you!
You die...

####................#..## ##..
#...#............###..####...
##.#.#.#.#........###...#....
######..###......^....# ##......P
#P.#...####.....^.^...####.......
..P......##.^..^..^^.....#.......
........###^^..^.^.^.^.##......##
#........##^...^.s^.^........####
#...........^^..@^..........### #
...#.........^^y^..^........#.###
...##......^^.^^....^..####..#.##
.............^.........# #P...###
.......#..#...^^^^^^..## ###..###
.....#####......^......## ##....#
....## #............#.###.#....
P..## ##..................P....
.#..# #............#.#.......P.


You could see a demonic crawler and a hornet.

Vanquished Creatures
  Joseph (D:8)
  A black mamba (Lair:2)
  A spiny frog (Lair:1)
  2 rime drakes
  3 komodo dragons
  A demonic crawler (Spider:1)
  A polar bear (Lair:3)
  5 hippogriffs
  2 redbacks (Spider:1)
  4 wyverns
  11 yaks
  2 basilisks
  A hungry ghost (D:8)
  3 porcupines
  6 water moccasins
  A black bear (D:7)
  2 phantoms (D:8)
  An ice beast (D:5)
  A necrophage (D:8)
  3 orc warriors
  3 ogres (D:4)
  A centaur (D:5)
  A crocodile (Lair:3)
  6 bullfrogs
  5 scorpions
  3 howler monkeys (D:4)
  2 crimson imps (D:5)
  2 jellies
  A centaur skeleton (D:5)
  2 hounds
  7 orc priests
  A gnoll shaman (D:9)
  A bullfrog skeleton (D:5)
  4 iguanas
  9 orc wizards
  9 worker ants
  2 hound skeletons
  A howler monkey zombie (D:9)
  13 gnolls
  8 adders
  3 shadow imps
  2 oozes (D:4)
  An adder zombie (D:5)
  A worm (D:3)
  2 dart slugs
  8 leopard geckos
  32 orcs
  A ball python (D:1)
  7 giant cockroaches
  5 goblins
  9 hobgoblins
  17 jackals
  7 kobolds
  4 quokkas
  9 bats
  8 frilled lizards
  A quokka skeleton (D:2)
  3 rats
  2 fungi
255 creatures vanquished.

Vanquished Creatures (collateral kills)
  A bullfrog (Lair:3)
1 creature vanquished.

Vanquished Creatures (others)
  2 fungi (Lair:2)
2 creatures vanquished.

Grand Total: 258 creatures vanquished

Notes
Turn   | Place    | Note
-------+----------+-------------------------------------------
     0 | D:1      | blurbiez the Draconian Berserker began the quest for the
                  | Orb.
     0 | D:1      | Reached XP level 1. HP: 19/19 MP: 1/1
    12 | D:1      | Reached XP level 2. HP: 26/26 MP: 2/2
   293 | D:1      | Reached ** piety under Trog
   293 | D:1      | Reached XP level 3. HP: 26/33 MP: 3/3
  1224 | D:2      | Found an ancient bone altar of Kikubaaqudgha.
  1239 | D:2      | Found a radiant altar of Vehumet.
  1240 | D:2      | Found a sacrificial altar of Ru.
  1506 | D:2      | Reached XP level 4. HP: 27/40 MP: 4/4
  1604 | D:2      | Found a hazy altar of Hepliaklqana.
  1653 | D:2      | Reached skill level 4 in Polearms
  1812 | D:3      | Found a faded altar of an unknown god.
  1864 | D:3      | Reached *** piety under Trog
  2063 | D:3      | Reached XP level 5. HP: 22/47 MP: 5/5
  2461 | D:3      | Reached skill level 5 in Fighting
  2727 | D:3      | Reached skill level 5 in Polearms
  2799 | D:3      | Reached XP level 6. HP: 53/56 MP: 6/6
  2939 | D:4      | Your scales start taking on a fiery red colour.
  2939 | D:4      | Reached XP level 7. HP: 22/64 MP: 7/7
  2939 | D:4      | Gained mutation: Your flesh is heat resistant. (rF+) [Red
                  | Draconian growth]
  2989 | D:4      | Reached skill level 6 in Polearms
  3009 | D:4      | Paralysed by fainting for 12 turns
  4132 | D:5      | Entered Level 5 of the Dungeon
  4150 | D:5      | Reached skill level 7 in Polearms
  4154 | D:5      | Reached skill level 1 in Evocations
  4154 | D:5      | Reached XP level 8. HP: 53/73 MP: 7/9
  4616 | D:5      | Found a staircase to the Ecumenical Temple.
  4810 | D:5      | Reached **** piety under Trog
  4810 | D:5      | Received a gift from Trog
  4810 | D:5      | Reached skill level 8 in Polearms
  5525 | D:6      | Found Isiz's Distillery.
  5533 | D:6      | Bought a potion of lignification for 39 gold pieces
  5533 | D:6      | Bought 2 potions of degeneration for 26 gold pieces
  5534 | D:6      | Bought a potion of might for 52 gold pieces
  5534 | D:6      | Bought a potion of mutation for 104 gold pieces
  5534 | D:6      | Bought a potion of curing for 39 gold pieces
  5534 | D:6      | Bought a potion of curing for 39 gold pieces
  5699 | D:7      | Reached XP level 9. HP: 54/83 MP: 12/12
  6033 | D:7      | Found a shattered altar of Ashenzari.
  6433 | D:8      | Reached skill level 9 in Polearms
  6654 | D:8      | Reached skill level 5 in Evocations
  6657 | D:8      | Noticed Joseph
  6669 | D:8      | Killed Joseph
  6791 | D:8      | Reached skill level 10 in Fighting
  6834 | D:8      | Reached skill level 1 in Shields
  7525 | D:9      | Reached ***** piety under Trog
  7532 | D:9      | Reached XP level 10. HP: 24/93 MP: 1/14
  7907 | D:9      | Found a staircase to the Lair.
  7957 | Lair:1   | Entered Level 1 of the Lair of Beasts
  8078 | Lair:1   | Reached skill level 10 in Polearms
  8126 | Lair:1   | Noticed a spiny frog
  8156 | Lair:1   | Killed a spiny frog
  8156 | Lair:1   | Reached skill level 5 in Shields
  9166 | Lair:2   | Noticed a black mamba
  9188 | Lair:2   | Killed a black mamba
  9285 | Lair:2   | HP: 3/93 [komodo dragon (22)]
  9504 | Lair:2   | Found a staircase to the Swamp.
  9559 | Lair:2   | Found a hole to the Spider Nest.
 10247 | Lair:2   | Reached skill level 11 in Polearms
 10957 | Lair:2   | Reached XP level 11. HP: 99/99 MP: 13/16
 11675 | Lair:3   | Noticed an oklob plant
 11675 | Lair:3   | Noticed an oklob plant
 11675 | Lair:3   | Noticed an oklob plant
 11675 | Lair:3   | Noticed an oklob plant
 12035 | Lair:4   | Noticed Sonja
 12147 | Spider:1 | Entered Level 1 of the Spider Nest
 12153 | Spider:1 | Noticed an orb spider
 12173 | Lair:2   | Paralysed by a hornet for 3 turns
 12174 | Lair:2   | Slain by a demonic crawler

Vault maps used:
D:1:      minmay_arrival_semitransparent
D:2:      lemuel_coloured_pillars_altar, minitemple
D:3:      chequers_ecumenical_altar_island, first_ration, lightli_corner_chamber
D:4:      minmay_cupped
D:5:      minmay_temple_entry_junction_2, hangedman_decor_growths, st_stairs_3
D:6:      serial_shops, shop
D:7:      evilmike_ruin_ashenzari
D:8:      uniq_joseph
D:9:      dancing_weapons_uskayaw, dpeg_oklobed_lair
Lair:2:   swamp_mist, spider_nest_entry_web_field
Lair:3:   minivault_23, minmay_lair_oklob_chamber
Lair:4:   uniq_sonja
Spider:1: hive_lemuel

Skill      XL: |  1  2  3  4  5  6  7  8  9 10 11 |
---------------+----------------------------------+-----
Dodging        | 3 |  3.2
Fighting       | 4 5 6 7 9 10 | 10.9
Polearms       | 4 5 7 8 9 11 | 11.3
Evocations     | 1 4 6 7 |  7.0
Shields        | 4 6 7 |  7.8
Stealth        | |  0.1

Action                   |  1- 3 |  4- 6 |  7- 9 | 10-12 || total
-------------------------+-------+-------+-------+-------++-------
Melee: Spear             |   147 |   152 |   658 |   452 ||  1409
       Tailslap          |    14 |    21 |   108 |    76 ||   219
Throw: Stone             |    19 |    24 |    27 |     2 ||    72
Invok: Berserk           |     3 |     5 |     6 |     8 ||    22
       Trog's Hand       |       |     2 |     4 |     6 ||    12
       Brothers in Arms  |       |       |       |     1 ||     1
 Abil: Breathe Fire      |       |       |    13 |    15 ||    28
Evoke: Wand              |       |       |     3 |       ||     3
  Use: Scroll            |     2 |       |     8 |     7 ||    17
       Potion            |       |       |     1 |     6 ||     7
 Stab: Sleeping          |     1 |     1 |     1 |       ||     3
       Paralysed         |       |       |     2 |       ||     2
  Eat: Chunk             |     5 |     5 |    20 |    14 ||    44
       Ration            |       |     1 |     2 |     4 ||     7
Armor: Skin              |    58 |    24 |   122 |    63 ||   267
Dodge: Dodged            |   104 |    87 |   255 |    99 ||   545
Block: Large shield      |       |       |    76 |   305 ||   381

Table legend:
 A = Non-vault XP
 B = Vault XP
 C = Vault XP percentage of total XP
 D = Non-vault monster count
 E = Vault monster count
 F = Vault count percentage of total count
                 A         B        C        D         E       F
            +---------+---------+-------+---------+---------+-------
      Total |   14589 |     512 |   3.4 |     249 |       5 |   2.0
            +---------+---------+-------+---------+---------+-------
        D:1 |      70 |       0 |   0.0 |      35 |       0 |   0.0
        D:2 |      51 |       0 |   0.0 |      18 |       0 |   0.0
        D:3 |     260 |       0 |   0.0 |      28 |       0 |   0.0
        D:4 |     857 |      73 |   7.8 |      32 |       3 |   8.6
        D:5 |     759 |       5 |   0.7 |      19 |       1 |   5.0
        D:6 |     530 |       0 |   0.0 |      14 |       0 |   0.0
        D:7 |     473 |       0 |   0.0 |      15 |       0 |   0.0
        D:8 |    1520 |     434 |  22.2 |      33 |       1 |   2.9
        D:9 |     758 |       0 |   0.0 |      12 |       0 |   0.0
     Lair:1 |    1869 |       0 |   0.0 |       8 |       0 |   0.0
     Lair:2 |    3987 |       0 |   0.0 |      18 |       0 |   0.0
     Lair:3 |    2679 |       0 |   0.0 |      14 |       0 |   0.0
   Spider:1 |     776 |       0 |   0.0 |       3 |       0 |   0.0
            +---------+---------+-------+---------+---------+-------
